 Dungeon Crawl Stone Soup version 0.28-a0-1395-g4f6bc678fa (webtiles) character file.

Game seed: 3559894951483521050

375 PezBoy the Chopper (level 6, -1/53 (57) HPs)
             Began as a Minotaur Fighter on Jan 4, 2022.
             Slain by a wight (7 damage)
             ... on level 4 of the Dungeon.
             The game lasted 00:05:25 (2915 turns).

PezBoy the Chopper (Minotaur Fighter)               Turns: 2915, Time: 00:05:26

HP:   -1/53 (57)    AC: 10    Str: 23    XL:     6   Next: 44%
MP:   5/5           EV:  8    Int:  5    God:
Gold: 171           SH:  4    Dex:  9    Spells: 5/5 levels left

rFire   . . .      SeeInvis .   a - +0 war axe
rCold   . . .      Faith    .   c - +0 buckler
rNeg    . . .      Spirit   .   i - +0 chain mail
rPois   .          Reflect  .   h - +1 hat
rElec   .          Harm     .   (no cloak)
rCorr   .          Rampage  .   (no gloves)
Will    .....                   (no boots)
Stlth   ..........              (no amulet)
HPRegen 0.17/turn               (no ring)
MPRegen 0.09/turn               (no ring)

@: mighty, drained
A: horns 2, retaliatory headbutt
a: no special abilities


You were on level 4 of the Dungeon.
You visited 1 branch of the dungeon, and saw 4 of its levels.

You collected 171 gold pieces.

Inventory:

Hand Weapons
 a - a +0 war axe (weapon)
Missiles
 b - 23 poisoned darts (quivered)
Armour
 c - a +0 buckler (worn)
 h - a +1 hat (worn)
 i - a +0 chain mail (worn)
Potions
 e - 2 potions of berserk rage
 f - a potion of curing {unknown}
 k - 2 potions of heal wounds


   Skills:
 + Level 5.7 Fighting
 * Level 6.8 Axes
 - Level 3.6 Armour
 - Level 4.0 Shields


You had 5 spell levels left.
You didn't know any spells.
Your spell library was empty.

Dungeon Overview and Level Annotations

Branches:
Dungeon (4/15)
 Temple: D:4-7

Altars:


Innate Abilities, Weirdness & Mutations

You have a pair of horns on your head.
You reflexively headbutt those who attack you in melee.


Message History

3 wights come into view.
A wight is wielding a +1 vorpal hand axe.
You feel very mighty all of a sudden. The wight hits you with a +1 falchion!
You closely miss the wight. The wight hits you with a +1 falchion!
The wight hits you with a +1 falchion.
You feel drained.
You barely miss the wight. Your headbutt misses the wight.
You barely miss the wight. x2; The wight barely misses you.
You furiously retaliate!
You headbutt the wight! You block the wight's attack.
You barely miss the wight. You headbutt the wight!
The wight is almost destroyed.
You slash the wight!
You destroy the wight!
The wight closely misses you.
Your life force feels restored.
You barely miss the wight. You headbutt the wight.
You destroy the wight!
You hit the wight.
The wight is moderately damaged.
The wight hits you with a +2 great sword!
You feel drained.
You barely miss the wight.
The wight is moderately damaged.
The wight hits you with a +2 great sword.
You closely miss the wight.
The wight is moderately damaged.
The wight hits you but does no damage.
You barely miss the wight.
The wight is moderately damaged.
The wight hits you with a +2 great sword.
You slash the wight! Your headbutt misses the wight.
The wight is almost destroyed.
The wight hits you with a +2 great sword!
* * * LOW HITPOINT WARNING * * *
You feel drained.
* * * LOW HITPOINT WARNING * * *
You closely miss the wight. Your headbutt misses the wight.
The wight is almost destroyed.
The wight hits you with a +2 great sword!
You die...

# # ##. #### ....
...##... #### ##
...#..# ..# .
......# #.# .#
.....## ##.##.#
..)...## ##..?..#
.......##
##..)@###
........# ##..##z#
........###..###.#
............## #.#
...........## #.#
.........#.# #..
........##.# ...
........##.. .#.
.####.#####..


You could see a wight.

Vanquished Creatures
  2 wights (D:4)
  A jelly (D:4)
  2 orc priests (D:2)
  A bullfrog skeleton (D:4)
  Terence (D:3)
  6 adders
  An ufetubus (D:3)
  A worm (D:2)
  3 dart slugs
  4 orcs (D:2)
  5 bats
  6 endoplasms
  3 giant cockroaches
  11 hobgoblins
  3 jackals (D:3)
  A quokka (D:1)
  4 ball pythons
  5 frilled lizards
  6 goblins
  11 kobolds
  5 rats
82 creatures vanquished.

Notes
Turn   | Place    | Note
-------+----------+-------------------------------------------
     0 | D:1      | PezBoy the Minotaur Fighter began the quest for the Orb.
     0 | D:1      | Reached XP level 1. HP: 19/19 MP: 0/0
    69 | D:1      | Reached skill level 3 in Axes
    69 | D:1      | Reached XP level 2. HP: 23/27 MP: 1/1
   420 | D:1      | Found a faded altar of an unknown god.
   594 | D:2      | Reached XP level 3. HP: 33/33 MP: 2/2
   768 | D:2      | Reached skill level 4 in Axes
   938 | D:2      | Reached XP level 4. HP: 31/41 MP: 3/3
   971 | D:2      | Reached skill level 5 in Axes
  1508 | D:2      | Reached XP level 5. HP: 47/47 MP: 4/4
  1929 | D:3      | Reached skill level 5 in Fighting
  2130 | D:3      | Noticed Terence
  2153 | D:3      | Killed Terence
  2683 | D:4      | Reached skill level 6 in Axes
  2864 | D:4      | Reached XP level 6. HP: 50/56 MP: 5/5
  2915 | D:4      | Slain by a wight

Illustrated notes

Levels and vault maps discovered:
D:1:      onia_arrival_pentagram, layout_rooms,
          shapermc_ecumenical_altar_starsandcircs
D:2:      cheibrodos_pilgrimage, layout_loops_ring
D:3:      layout_basic, st_stairs_7, nicolae_elevator_lobby_plus, uniq_terence
D:4:      layout_rooms, serial_glass, glass_columns_b, glass_columns_a

Skill      XL: |  1  2  3  4  5 |
---------------+----------------+-----
Axes           | 3 4 5 6 |  6.8
Fighting       | 4 5 |  5.7
Shields        | 4 |  4.0
Armour         | |  3.6

Action                   |  1- 3 |  4- 6 || total
-------------------------+-------+-------++-------
Melee: War axe           |    79 |   108 ||   187
       Headbutt          |    10 |    18 ||    28
  Use: Scroll            |       |     4 ||     4
       Potion            |       |     1 ||     1
Armor: Scale mail        |    30 |       ||    30
       Chain mail        |    10 |    48 ||    58
Dodge: Dodged            |    34 |    32 ||    66
Block: Buckler           |    16 |    11 ||    27

Table legend: (Time is in decaauts)
 A = Elapsed time spent in this place.
 B = Non-inter-level travel time spent in this place.
 C = Inter-level travel time spent in this place.
 D = Time resting spent in this place.
 E = Time spent auto-exploring this place.
 F = Levels seen in this place.
 G = Mean time per level.
                   A        B        C        D        E       F      G
               +--------+--------+--------+--------+--------+-----+--------+
         Total |   2964 |   2844 |    120 |     27 |   2303 |   4 |  741.0 |
       Dungeon |   2964 |   2844 |    120 |     27 |   2303 |   4 |  741.0 |
               +--------+--------+--------+--------+--------+-----+--------+

Top non-repeatable levels by time:
     D:3: 1121 daAuts
     D:2: 997 daAuts
     D:1: 592 daAuts
     D:4: 254 daAuts
